 Dungeon Crawl Stone Soup version 0.28.0-47-ge53b351184 (webtiles) character file.

Game seed: 2794306399645465377

1131 101zpm the Magician (level 8, -7/51 HPs)
             Began as a Djinni Fire Elementalist on Apr 30, 2022.
             Was an Initiate of Cheibriados.
             Mangled by Blork the orc
             ... wielding a +0 hand axe
              (9 damage)
             ... on level 6 of the Dungeon.
             The game lasted 00:13:44 (7827 turns).

101zpm the Magician (Djinni Fire Elementalist)      Turns: 7827, Time: 00:13:45

Health: -7/51      AC:  2    Str:  8    XL:     8   Next: 62%
Gold:   200        EV: 12    Int: 20    God:    Cheibriados [......] SH:  0 Dex: 15

rFire   + + .      SeeInvis .   (no weapon)
rCold   x . .      Faith    .   (no shield)
rNeg    . . .      Spirit   .   a - +0 robe
rPois   ∞          Reflect  .   (no helmet)
rElec   .          Harm     .   (no cloak)
rCorr   .          Rampage  .   (no gloves)
Will    .....                   (boots unavailable)
Stlth   ++........              (no amulet)
HPRegen 0.17/turn               (no ring)
MPRegen 0.00/turn               (no ring)

@: flying, slow
A: sickness immunity, fire resistance 2, cold vulnerability 1, float, innate
caster, HP casting, extra vitality 1
a: Renounce Religion


You were on level 6 of the Dungeon.
You worshipped Cheibriados.
Cheibriados was noncommittal.
You visited 2 branches of the dungeon, and saw 7 of its levels.

You collected 200 gold pieces.

Inventory:

Armour
 a - a +0 robe (worn)
Jewellery
 b - a +4 ring of slaying
 f - a +4 ring of evasion
Wands
 n - a wand of flame (18)
Scrolls
 c - a scroll of enchant weapon
 k - a scroll of brand weapon {unknown}
 l - 2 scrolls of teleportation
 m - a scroll of magic mapping {unknown}
Potions
 d - a potion of curing {unknown}
 e - a potion of heal wounds {unknown}
 g - a potion of haste {unknown}
 h - a potion of berserk rage {unknown}
 i - 2 potions of attraction {unknown}
 j - a potion of ambrosia {unknown}


   Skills:
 + Level 0.5 Fighting
 + Level 2.6 Dodging
 + Level 3.1 Stealth
 + Level 7.3 Spellcasting


You had 3 spell levels left.
You knew the following spells:

 Your Spells              Type           Power      Damage    Failure   Level
a - Foxfire               Conj/Fire      100%       2x1d9     1%          1
b - Scorch                Fire           72%        2d9       1%          2
c - Conjure Flame         Conj/Fire      36%        6-21      1%          3
d - Inner Flame           Hex/Fire       36%        N/A       1%          3
e - Flame Wave            Conj/Fire      36%        2d9       4%          4
f - Sandblast             Erth           72%        2d16      1%          1
g - Static Discharge      Conj/Air       36%        N/A       1%          2
h - Poisonous Vapours     Pois/Air       72%        N/A       1%          2
Your spell library was empty.

Dungeon Overview and Level Annotations

Branches:
Dungeon (6/15)             Temple (1/1) D:5

Altars:
Ashenzari
Cheibriados
Dithmenos
Elyvilon
Fedhas
Gozag
Hepliaklqana
Kikubaaqudgha
Makhleb
Okawaru
Qazlal
Ru
Sif Muna
Trog
Uskayaw
Vehumet
Wu Jian
Xom
Yredelemnul
Zin
The Shining One

Annotations:
D:3 1 runed translucent door, Crazy Yiuf
D:4 Eustachio
D:6 Blork the orc


Innate Abilities, Weirdness & Mutations

You are immune to sickness and miasma.
You are immune to poison.
Your flesh is very heat resistant. (rF++)
You are vulnerable to cold. (rC-)
You float through the air rather than walking.
You learn spells naturally, not from books.
Your magical power is your life essence.
You have superior vitality. (+4 MHP)


Message History

Blork the orc closely misses you.
Blork the orc barely misses your foxfire.
Blork the orc hits your foxfire with a +0 hand axe.
The foxfire hits Blork the orc.
Blork the orc resists.
Flame seeps out of Blork the orc.
Blork the orc is severely wounded.
The foxfire hits Blork the orc.
Blork the orc completely resists.
Blork the orc is severely wounded.
Blork the orc is engulfed in blazing flames.
Flame seeps out of Blork the orc.
Blork the orc gestures at you while chanting.
The puff of frost misses you.
Blork the orc is engulfed in blazing flames.
Flame seeps out of Blork the orc.
Casting: Foxfire (safe; 1% risk of failure)
Press: ? - help, Q - select action, (/) - cycle Dir - look around, f - activate You conjure some foxfire!
* * * LOW HITPOINT WARNING * * *
Blork the orc hits you with a +0 hand axe!
* * * LOW HITPOINT WARNING * * *
Blork the orc hits your foxfire with a +0 hand axe!
Blork the orc barely misses you.
Blork the orc barely misses your foxfire.
The foxfire hits Blork the orc.
Blork the orc completely resists.
Blork the orc is severely wounded.
The foxfire hits Blork the orc.
Blork the orc resists.
Flame seeps out of Blork the orc.
Blork the orc is severely wounded.
Blork the orc closely misses you.
Aiming: Throw Flame
Press: ? - help, Shift-Dir - straight line, f - Blork the orc
Aim: Blork the orc, wielding a +0 hand axe and wearing a +1 robe of fire resistance (severely wounded, fast, inner flame, unusually resistant, 72% to hit)
Okay, then.
Casting: Foxfire (safe; 1% risk of failure)
Confirm with . or Enter, or press ? or * to list all spells.
Okay, then.
Blork the orc hits you with a +0 hand axe.
* * * LOW HITPOINT WARNING * * *
Blork the orc hits you with a +0 hand axe!
You die...

........# .....
.....°..# ....
....)...#####....
.....°.......#
.............#
#+##+###....§#
#......#..°..#
#......#...o.#
#......#....@#
+......'.<...#
#.##...#.....#
#(..#.....#
#...+.....#
#...#.....+
+...#.....#
###########


You could see Blork the orc (fast, inner flame, resistant).

Vanquished Creatures
  Grinder (D:2)
  A shadow (D:5)
  A sky beast (D:6)
  An ice beast (D:5)
  A necrophage (D:5)
  A centaur (D:5)
  A scorpion (D:5)
  2 centaur skeletons (D:5)
  2 bullfrog skeletons
  Jessica (D:3)
  An orc wizard (D:4)
  A hound skeleton (D:4)
  4 gnolls
  5 adders
  A white imp (D:5)
  3 worms
  2 dart slugs
  11 orcs
  7 endoplasms
  6 giant cockroaches
  6 goblins
  6 hobgoblins
  4 jackals (D:1)
  4 quokkas
  6 ball pythons
  8 bats
  6 frilled lizards
  3 kobolds
  10 rats
106 creatures vanquished.

Vanquished Creatures (collateral kills)
  15 foxfires (D:4)
15 creatures vanquished.

Vanquished Creatures (others)
  524 foxfires
  3 plants (D:4)
527 creatures vanquished.

Grand Total: 648 creatures vanquished

Notes
Turn   | Place    | Note
-------+----------+-------------------------------------------
     0 | D:1      | 101zpm the Djinni Fire Elementalist began the quest for the
                  | Orb.
     0 | D:1      | Reached XP level 1. HP: 15/15 MP: 0/0
   158 | D:1      | Reached XP level 2. HP: 11/21 MP: 0/0
   637 | D:1      | Reached skill level 3 in Spellcasting
   980 | D:1      | Reached XP level 3. HP: 23/25 MP: 0/0
   980 | D:1      | Learned a level 1 spell: Sandblast
  1080 | D:1      | Found a faded altar of an unknown god.
  2304 | D:2      | Reached XP level 4. HP: 26/31 MP: 0/0
  2974 | D:2      | Found a shimmering altar of Xom.
  3291 | D:2      | Reached XP level 5. HP: 32/35 MP: 0/0
  3291 | D:2      | Learned a level 2 spell: Static Discharge
  3667 | D:3      | Noticed Grinder
  4251 | D:3      | Found a hide-covered altar of Uskayaw.
  4282 | D:3      | Found an opulent altar of Gozag.
  4552 | D:3      | Found a runed translucent door.
  4553 | D:3      | Noticed Crazy Yiuf
  4578 | D:3      | Reached skill level 4 in Spellcasting
  4581 | D:3      | Noticed Jessica
  4585 | D:3      | Killed Jessica
  4758 | D:3      | Found a bloodstained altar of Trog.
  4884 | D:3      | Found a shadowy altar of Dithmenos.
  4975 | D:2      | Killed Grinder
  4976 | D:2      | Reached skill level 5 in Spellcasting
  4976 | D:2      | Reached XP level 6. HP: 29/41 MP: 0/0
  5110 | D:4      | Found a burning altar of Makhleb.
  5155 | D:4      | Reached XP level 7. HP: 20/46 MP: 0/0
  5155 | D:4      | Learned a level 2 spell: Poisonous Vapours
  5518 | D:4      | Noticed Eustachio
  5607 | D:5      | Entered Level 5 of the Dungeon
  5941 | D:5      | Found a white marble altar of Elyvilon.
  5990 | D:5      | Reached skill level 6 in Spellcasting
  6656 | D:5      | Found a basalt altar of Yredelemnul.
  6792 | D:5      | Noticed a shadow
  6795 | D:5      | Killed a shadow
  6796 | D:5      | Reached XP level 8. HP: 46/51 MP: 0/0
  6967 | D:5      | Reached skill level 7 in Spellcasting
  7254 | D:5      | Found a staircase to the Ecumenical Temple.
  7413 | Temple   | Entered the Ecumenical Temple
  7679 | Temple   | Became a worshipper of Cheibriados the Contemplative
  7811 | D:6      | Noticed Blork the orc
  7827 | D:6      | HP: 2/51 [Blork the orc/+0 hand axe (6)]
  7827 | D:6      | Mangled by Blork the orc

Illustrated notes

Levels and vault maps discovered:
D:1:      minmay_arrival_solitary_statue, layout_loops_cross,
          hellmonk_ecumenical_altar_arch_garden
D:2:      layout_loops_cross, basic_altar, minmay_pentomino_o2
D:3:      layout_basic, marbit_many_paths, mainiacjoe_overflow_two_lobes,
          mainiacjoe_overflow_alcove_2, serial_park_tiny_2, uniq_grinder,
          uniq_crazy_yiuf_cottage, uniq_jessica
D:4:      layout_loops_cross, mainiacjoe_overflow_cross_hatched, uniq_eustachio
D:5:      layout_loops_ring, kennysheep_ying_yang, temple_green,
          portal_sewer_entry_b
D:6:      kennysheep_six_static_rooms, layout_gridville, nicolae_shop_self_help,
          uniq_prince_ribbit1, uniq_blork_the_orc
Temple:   minmay_temple_curvy_branch

Skill      XL: |  1  2  3  4  5  6  7  8 |
---------------+-------------------------+-----
Spellcasting   | 3 5 6 7 |  7.3
Stealth        | 2 3 |  3.1
Fighting       | |  0.5
Dodging        | |  2.6

Action                   |  1- 3 |  4- 6 |  7- 9 || total
-------------------------+-------+-------+-------++-------
Melee: Unarmed           |     4 |       |       ||     4
 Cast: Foxfire           |   119 |   149 |    73 ||   341
       Inner Flame       |       |     6 |    35 ||    41
       Scorch            |       |       |     1 ||     1
  Use: Scroll            |       |       |     3 ||     3
Armor: Robe              |     5 |     2 |     1 ||     8
Dodge: Dodged            |    12 |     8 |    10 ||    30
